 Dungeon Crawl Stone Soup version 0.30.0-30-g96aa6591b8 (webtiles) character file.

Game seed: 3749079038823429064

8638 croobank the Covert (level 11, -11/108 HPs)
             Began as an Octopode Fire Elementalist on June 27, 2023.
             Was a Priest of Vehumet.
             Succumbed to Amaemon's poison
             ... on level 8 of the Dungeon.
             The game lasted 00:57:18 (11650 turns).

croobank the Covert (Octopode Fire Elementalist)   Turns: 11650, Time: 00:57:19

Health: -11/108    AC: 32    Str:  8    XL:     11   Next: 34%
Magic:  17/28      EV:  2    Int: 22    God:    Vehumet [***...]
Gold:   393        SH: 12    Dex: 12    Spells: 0/21 levels left

rFire   + + .        a - +2 mace (protect)
rCold   + . .        C - +2 kite shield
rNeg    + . .        (helmet currently unavailable)
rPois   +            G - amulet of guardian spirit
rElec   +            c - +5 ring of evasion
rCorr   +            A - ring of magical power
SInv    .            I - ring of positive energy
Will    .....        N - ring of protection from fire
Stlth   ++++         (no ring)
HPRegen 0.38/turn    (no ring)
MPRegen 0.21/turn    (no ring)
                     (no ring)

%: guardian spirit
@: lethally poisoned (-11 -> -50), tree-form, resistant, under a protective aura
A: stationary, stasis, torment immunity, boosted hp, almost no armour,
(amphibious), 8 rings, (camouflage 1), (gelatinous body 1), (nimble swimmer 1),
(tentacles)
a: Renounce Religion


You were on level 8 of the Dungeon.
You worshipped Vehumet.
Vehumet was most pleased with you.
You were a tree.
You visited 1 branch of the dungeon, and saw 9 of its levels.
You also visited: Sewer.

You collected 610 gold pieces.
You spent 217 gold pieces at shops.

Inventory:

Hand Weapons
 a - a +2 mace of protection (weapon)
 f - a +1 dagger
 m - a +1 spear of venom
 n - a +0 quarterstaff
 v - a +0 war axe
 w - a +0 falchion
 E - a +0 long sword
 M - a +1 heavy sling
Missiles
 g - 25 poisoned darts (quivered)
 D - 6 atropa-tipped darts
 O - 3 curare-tipped darts
Armour
 C - a +2 kite shield (worn)
Magical Staves
 k - a staff of conjuration
Jewellery
 c - a +5 ring of evasion (left branch)
 A - a ring of magical power (right branch)
 G - an amulet of guardian spirit (around neck)
 I - a ring of positive energy (on tentacle)
 N - a ring of protection from fire (on tentacle)
Wands
 d - a wand of flame (16)
 l - a wand of acid (8)
 q - a wand of mindburst (11)
 u - a wand of digging (5)
 H - a wand of paralysis (5)
 K - a wand of roots (5)
Scrolls
 b - a scroll of fog
 i - 2 scrolls of teleportation
 t - 2 scrolls of immolation
 y - 2 scrolls of blinking
 z - 2 scrolls of identify
 B - a scroll of amnesia
 L - a scroll of poison {unknown}
Potions
 e - 4 potions of mutation
 j - 3 potions of ambrosia
 o - a potion of lignification
 s - 4 potions of flight
 x - a potion of haste
 F - a potion of might
 J - 3 potions of attraction


   Skills:
 + Level 5.4 Fighting
 + Level 5.8 Dodging
 + Level 8.5 Stealth
 + Level 8.2 Shields
 + Level 5.5 Spellcasting
 + Level 5.6 Conjurations
 + Level 2.0 Hexes
 + Level 3.9 Translocations
 + Level 6.2 Fire Magic
 + Level 3.0 Air Magic
 + Level 3.7 Poison Magic


You couldn't memorise any spells.
You knew the following spells:

 Your Spells              Type           Power      Damage    Failure   Level
a - Foxfire               Conj/Fire      100%       2x1d9     1%          1
b - Scorch                Fire           66%        2d7       1%          2
c - Blink                 Tloc           46%        N/A       12%         2
d - Shock                 Conj/Air       100%       1d9       1%          1
e - Flame Wave            Conj/Fire      32%        2d9       9%          4
f - Poisonous Vapours     Pois/Air       42%        N/A       4%          2
g - Searing Ray           Conj           62%        2d6       1%          2
h - Fulminant Prism       Conj/Hex       11%        3d8       19%         4
i - Hailstorm             Conj/Ice       18%        3d6       10%         3

Your spell library contained the following spells:

 Spells                   Type           Power      Damage    Failure   Level
 Magic Dart               Conj           100%       1d8       1%          1
 Momentum Strike          Conj/Tloc      54%        3d9       2%          2
 Volatile Blastmotes      Fire/Tloc      56%        2d14      4%          3
 Inner Flame              Hex/Fire       24%        N/A       5%          3
 Lesser Beckoning         Tloc           46%        N/A       12%         2
 Olgreb's Toxic Radiance  Pois           22%        N/A       21%         4
 Summon Small Mammal      Summ           24%        N/A       36%         1
 Summon Guardian Golem    Hex/Summ       10%        N/A       58%         3
 Call Canine Familiar     Summ           6%         N/A       75%         3
 Yara's Violent Unravell  Hex/Tmut       5%         3d4       82%         5
 Petrify                  Tmut/Erth      6%         N/A       98%         4
 Iron Shot                Conj/Erth      9%         9d3       98%         6
 Orb of Destruction       Conj           15%        9d7       99%         7
 Blade Hands              Tmut           3%         N/A       100%        5
 Metabolic Englaciation   Hex/Ice        5%         N/A       100%        5
 Statue Form              Tmut/Erth      4%         N/A       100%        6
 Enfeeble                 Hex            7%         N/A       100%        7
 Spellforged Servitor     Conj/Summ      9%         N/A       100%        7
 Discord                  Hex            7%         N/A       100%        8
 Ignition                 Fire           16%        3d7       100%        8
 Animate Armour           Summ/Erth      Unusable   N/A       N/A         4

Dungeon Overview and Level Annotations

Branches:
Dungeon (9/15)             Temple (0/1) D:5            Lair (0/5) D:8
  Sewer (visited)
    Orc: D:9-12

Altars:
Ashenzari
Cheibriados
Elyvilon
Uskayaw
Vehumet

Shops:
D:5 ?

Annotations:
D:7 1 runed translucent door, Crazy Yiuf
D:8 Amaemon


Innate Abilities, Weirdness & Mutations

You are a tree.
Your roots penetrate the ground, keeping you stationary.
You cannot be teleported.
You are immune to unholy pain and torment.
Your maximum health is greatly increased.
You cannot wear most types of armour.
((You are amphibious.))
You can wear up to eight rings at the same time.
((Your skin changes colour to match your surroundings (Stealth+).))
((Your rubbery body absorbs attacks. (AC +1, EV +1)))
((You are camouflaged when in or above water. (Stealth+)))
((You have tentacles for arms and can constrict up to eight enemies at once.))


Message History

You feel sick.
You swing at nothing.
* * * LOW HITPOINT WARNING * * *
You feel very sick. Amaemon hits you but does no damage.
Amaemon claws you but does no damage.
Amaemon tail-slaps you but does no damage.
Amaemon hits you but does no damage.
You are more poisoned.
Amaemon claws you but does no damage.
Amaemon tail-slaps you but does no damage.
You hit Amaemon.
Your weapon exudes an aura of protection.
Amaemon is almost dead.
* * * LOW HITPOINT WARNING * * *
You feel extremely sick.
Amaemon shouts, "You think you're better than me?"
Amaemon hits you but does no damage. Amaemon claws you but does no damage.
Amaemon tail-slaps you but does no damage.
You swing at nothing.
* * * LOW HITPOINT WARNING * * *
You feel very sick. Amaemon hits you but does no damage.
Amaemon claws you but does no damage. Amaemon tail-slaps you.
You are more poisoned.
Amaemon poisons you! Amaemon hits you but does no damage.
Amaemon claws you but does no damage.
Amaemon tail-slaps you but does no damage.
You swing at nothing.
You feel less invigorated.
You feel less confused.
* * * LOW HITPOINT WARNING * * *
You feel extremely sick.
Amaemon gestures wildly while chanting.
Amaemon hits you with a +0 demon whip of venom!
* * * LOW HITPOINT WARNING * * *
You are more poisoned.
Amaemon claws you but does no damage. Amaemon barely misses you.
You hit Amaemon.
Your weapon exudes an aura of protection.
Amaemon is almost dead.
You die...

#.#####.# #.# ##.###### #.#
#.......# #.# #######.# #.#
#.# #.# #.#
##########.######## #.#
##............s.6..###.#####
.+............s.♣..........#
.................†.###.###.#
PP.P.P.............# #.# #.#
..P.......(........# #.# #.#
....♣...##.........#
#.###)##
........##.........#
#......#
♣.....♣..#.........#
########
.......♣.#.........#
.>..........####.###


You could see Amaemon and 2 scorpions.

Vanquished Creatures
  A two-headed ogre (D:9)
  Pikel (D:5)
  2 kobold demonologists (D:9)
  A troll (D:9)
  Grinder (D:4)
  A hornet (D:8)
  A basilisk (D:8)
  2 wyverns (D:8)
  A vampire (D:9)
  8 yaks
  2 steam dragons
  5 water moccasins
  6 black bears
  2 ice beasts
  4 sky beasts
  2 orc warriors
  2 ogres
  A wolf (D:8)
  2 phantoms
  4 centaurs
  3 lemures
  7 kobold brigands
  4 bullfrogs
  2 gnoll sergeants (D:6)
  A scorpion (D:5)
  A howler monkey (D:8)
  A crimson imp (D:6)
  4 hounds
  2 jellies
  7 orc priests
  3 sleepcaps
  3 iguanas
  8 orc wizards
  7 adders
  5 gnolls (D:6)
  A river rat (Sewer)
  A shadow imp (D:7)
  A white imp (D:6)
  5 ufetubi
  A worm (D:5)
  2 dart slugs
  15 orcs
  3 ball pythons
  6 endoplasms
  7 giant cockroaches
  9 goblins
  13 hobgoblins
  A jackal (Sewer)
  2 quokkas (D:3)
  6 bats
  5 frilled lizards
  18 kobolds
  10 rats
  A butterfly (D:5)
214 creatures vanquished.

Vanquished Creatures (others)
  246 foxfires
  9 fulminant prisms
255 creatures vanquished.

Grand Total: 469 creatures vanquished

Notes
Turn   | Place    | Note
-------+----------+-------------------------------------------
     0 | D:1      | croobank the Octopode Fire Elementalist began the quest for
                  | the Orb.
     0 | D:1      | Reached XP level 1. HP: 11/11 MP: 3/3
   159 | D:1      | Reached XP level 2. HP: 17/17 MP: 3/5
   267 | D:1      | Learned a level 2 spell: Scorch
   646 | D:1      | Reached XP level 3. HP: 22/22 MP: 3/6
   943 | D:2      | Learned a level 2 spell: Blink
  1184 | D:2      | Reached XP level 4. HP: 27/27 MP: 5/7
  1539 | D:2      | Reached skill level 1 in Fighting
  1542 | D:2      | Reached skill level 1 in Translocations
  1588 | D:2      | Found a radiant altar of Vehumet.
  1596 | D:2      | Became a worshipper of Vehumet
  1875 | D:3      | Found a faded altar of an unknown god.
  2039 | D:3      | Found a glowing drain.
  2046 | Sewer    | Entered a sewer
  2060 | Sewer    | Reached XP level 5. HP: 31/33 MP: 8/8
  2109 | Sewer    | Reached * piety under Vehumet
  2109 | Sewer    | Offered knowledge of Shock by Vehumet.
  2110 | Sewer    | Noticed a kobold brigand
  2116 | Sewer    | Killed a kobold brigand
  2126 | Sewer    | Noticed a kobold brigand
  2136 | Sewer    | Killed a kobold brigand
  2137 | Sewer    | Reached XP level 6. HP: 32/38 MP: 0/10
  2229 | Sewer    | Found a white marble altar of Elyvilon.
  2356 | D:3      | Found a hide-covered altar of Uskayaw.
  2356 | D:3      | Found a radiant altar of Vehumet.
  2369 | D:3      | Found a broken altar of Ashenzari.
  2375 | D:3      | Found a snail-covered altar of Cheibriados.
  2376 | D:3      | Found a white marble altar of Elyvilon.
  2402 | D:3      | Learned a level 1 spell: Shock
  2433 | D:3      | Learned a level 4 spell: Flame Wave
  3346 | D:4      | Reached XP level 7. HP: 21/45 MP: 0/11
  3907 | D:5      | Entered Level 5 of the Dungeon
  3916 | D:5      | Noticed Grinder
  3919 | D:5      | Reached skill level 5 in Stealth
  4119 | D:4      | Killed Grinder
  4120 | D:4      | Reached XP level 8. HP: 51/51 MP: 6/13
  4291 | D:5      | Found Zuschil's Magic Scroll Boutique.
  4294 | D:5      | Found a staircase to the Ecumenical Temple.
  4302 | D:5      | Bought a scroll of blinking for 105 gold pieces
  4333 | D:5      | Noticed Pikel
  4915 | D:5      | Killed Pikel
  4916 | D:5      | Reached skill level 5 in Fire Magic
  5073 | D:4      | Reached XP level 9. HP: 53/58 MP: 8/15
  5209 | D:5      | Bought a scroll of identify for 28 gold pieces
  5282 | D:7      | Offered knowledge of Poisonous Vapours by Vehumet.
  5388 | D:7      | Learned a level 2 spell: Poisonous Vapours
  5438 | D:6      | Reached ** piety under Vehumet
  5540 | D:6      | Reached skill level 1 in Poison Magic
  5542 | D:6      | Reached skill level 1 in Air Magic
  5657 | D:6      | Reached skill level 5 in Dodging
  5663 | D:6      | Offered knowledge of Searing Ray by Vehumet.
  5856 | D:6      | Reached skill level 5 in Conjurations
  6226 | D:6      | Reached skill level 5 in Spellcasting
  6752 | D:6      | Reached *** piety under Vehumet
  6756 | D:6      | Learned a level 2 spell: Searing Ray
  6935 | D:6      | Reached skill level 1 in Shields
  7148 | D:5      | Bought a scroll of identify for 28 gold pieces
  7148 | D:5      | Bought a scroll of identify for 28 gold pieces
  7148 | D:5      | Bought a scroll of identify for 28 gold pieces
  7937 | D:7      | Found a runed translucent door.
  7938 | D:7      | Noticed Crazy Yiuf
  8178 | D:8      | Reached XP level 10. HP: 65/65 MP: 3/17
  8474 | D:7      | Reached skill level 5 in Shields
  8995 | D:7      | Learned a level 4 spell: Fulminant Prism
  9094 | D:8      | HP: 2/65 [wolf (5)]
  9916 | D:8      | Found a staircase to the Lair.
 10210 | D:8      | Identified a scroll of acquirement
 10210 | D:8      | Acquired a ring of positive energy
 10437 | D:9      | Noticed a two-headed ogre
 10782 | D:9      | Killed a two-headed ogre
 10783 | D:9      | Reached skill level 5 in Fighting
 10783 | D:9      | Reached skill level 1 in Hexes
 11079 | D:9      | Reached XP level 11. HP: 71/71 MP: 18/18
 11159 | D:9      | Offered knowledge of Hailstorm by Vehumet.
 11532 | D:9      | Learned a level 3 spell: Hailstorm
 11588 | D:9      | Noticed Amaemon
 11640 | D:8      | HP: 5/108 [Amaemon/+0 demon whip of venom (5)]
 11643 | D:8      | HP: 2/108 [Amaemon/+0 demon whip of venom (2)]
 11649 | D:8      | HP: 2/108 [poisoned by Amaemon]
 11650 | D:8      | Succumbed to Amaemon's poison

Illustrated notes

Levels and vault maps discovered:
D:1:      psy_arrival_terrarium, layout_basic
D:2:      layout_basic, basic_altar
D:3:      layout_loops_ring, chequers_temple_overflow_minitemple,
          gup_sewer_entry_pipe, shapermc_ecumenical_altar_starsandcircs
D:4:      layout_loops_corners
D:5:      layout_gridville, minmay_temple_entry_butterflies, serial_shops, shop,
          uniq_grinder, uniq_pikel
D:6:      kennysheep_housing_project, layout_loops_ring, grunt_ministairs_13,
          minmay_fire_ice_demons
D:7:      layout_loops_ring, chequers_serial_rivers_small_b,
          uniq_crazy_yiuf_cottage
D:8:      layout_basic, minmay_lair_entry_grove
D:9:      layout_loops_ring, serial_shops, nicolae_shop_just_a_little_nook,
          minivault_25, uniq_amaemon

Skill      XL: |  1  2  3  4  5  6  7  8  9 10 11 |
---------------+----------------------------------+-----
Stealth        | 3 4 5 6 7 8 |  8.5
Fighting       | 1 2 4 5 |  5.4
Conjurations   | 2 3 4 5 |  5.6
Translocations | 1 2 3 |  3.9
Spellcasting   | 3 4 5 |  5.5
Dodging        | 3 4 5 |  5.8
Fire Magic     | 4 5 6 |  6.2
Poison Magic   | 2 3 |  3.7
Air Magic      | 1 2 3 |  3.0
Shields        | 3 8 |  8.2
Hexes          | 1 2 |  2.0

Action                     |  1- 3 |  4- 6 |  7- 9 | 10-12 || total
---------------------------+-------+-------+-------+-------++-------
  Melee: Unarmed           |    19 |       |       |       ||    19
         Constrict         |     7 |     9 |    19 |     3 ||    38
         Tentacles         |     5 |     9 |    20 |     5 ||    39
         Dagger            |     7 |    55 |    42 |    29 ||   133
         Punch             |     1 |     1 |     2 |     1 ||     5
         Mace              |       |       |    22 |     2 ||    24
   Fire: Sling             |       |       |       |     2 ||     2
  Throw: Throwing net      |       |       |       |     1 ||     1
   Cast: Foxfire           |    35 |    20 |    54 |    31 ||   140
         Scorch            |     4 |    26 |    93 |    60 ||   183
         Flame Wave        |       |       |     4 |     6 ||    10
         Poisonous Vapours |       |       |     1 |     3 ||     4
         Searing Ray       |       |       |     1 |    11 ||    12
         Fulminant Prism   |       |       |       |     9 ||     9
         Blink             |       |       |       |     1 ||     1
  Evoke: Wand              |       |       |     3 |     2 ||     5
    Use: Scroll            |       |    11 |     7 |     3 ||    21
         Potion            |       |       |     7 |     6 ||    13
   Stab: Sleeping          |     3 |    11 |     8 |       ||    22
 Armour: Skin              |     1 |     4 |     3 |    30 ||    38
  Dodge: Dodged            |    27 |    43 |    94 |   107 ||   271
  Block: Kite shield       |       |       |       |    51 ||    51
